 Dungeon Crawl Stone Soup version 0.25-a0-341-g6f074c887a (webtiles) character file.

Game seed: 16148999092293885709, levelgen mode: deterministic

242 BritishOli the Slasher (level 5, 0/41 HPs)
             Began as a Demonspawn Gladiator on Dec 30, 2019.
             Was an Initiate of Okawaru.
             Killed by divine providence
             ... invoked by an orc priest
              (12 damage)
             ... on level 4 of the Dungeon.
             The game lasted 00:09:14 (2287 turns).

BritishOli the Slasher (Demonspawn Gladiator)       Turns: 2287, Time: 00:09:14

Health: 0/41       AC: 10    Str: 16    XL:     5   Next: 81%
Magic:  5/5        EV: 12    Int:  9    God:    Okawaru [......]
Gold:   209        SH:  0    Dex: 14    Spells: 4/4 levels left

rFire    . . .     SeeInvis .   k - +4 short sword
rCold    + . .     Gourm    .   (no shield)
rNeg     . . .     Faith    .   i - +1 ring mail {rC+}
rPois    .         Spirit   .   c - +0 helmet
rElec    .         Reflect  .   (no cloak)
rCorr    .         Harm     .   (no gloves)
MR       .....                  (no boots)
Stlth    +.........             (no amulet)
HPRegen  0.13/turn              g - ring of flight
MPRegen  0.09/turn              (no ring)

@: no status effects
A: talons 1, slimy green scales 2, spiny 1
a: Renounce Religion, Evoke Flight


You were on level 4 of the Dungeon.
You worshipped Okawaru.
Okawaru was noncommittal.
You were very hungry.

You visited 2 branches of the dungeon, and saw 5 of its levels.

You collected 209 gold pieces.

Inventory:

Hand Weapons
 a - a +0 long sword
 k - a +4 short sword (weapon)
Missiles
 d - 3 throwing nets (quivered)
Armour
 b - a +0 leather armour
 c - a +0 helmet (worn)
 i - a +1 ring mail of cold resistance (worn)
Jewellery
 g - a ring of flight (left hand)
 l - an uncursed amulet of the acrobat {unknown}
Wands
 t - a wand of random effects (18)
 v - a wand of acid (5)
Scrolls
 e - 4 scrolls of identify {unknown}
 h - a scroll of teleportation {unknown}
 j - a scroll of enchant weapon {unknown}
 n - 3 scrolls of enchant armour {unknown}
 q - 2 scrolls of remove curse {unknown}
 r - a scroll of fear {unknown}
Potions
 m - 3 potions of curing {unknown}
 o - a potion of flight {unknown}
 p - a potion of invisibility {unknown}
 s - a potion of haste {unknown}
 u - 2 potions of mutation {unknown}
Comestibles
 f - 5 rations


   Skills:
 + Level 3.1 Fighting
 * Level 4.4 Long Blades
 + Level 2.7 Throwing
 + Level 3.6 Dodging


You had 4 spell levels left.
You didn't know any spells.
Your spell library was empty.

Dungeon Overview and Level Annotations

Branches:
Dungeon (4/15)             Temple (1/1) D:4

Altars:
Ashenzari
Cheibriados
Fedhas
Gozag
Hepliaklqana
Kikubaaqudgha
Makhleb
Nemelex Xobeh
Okawaru
Qazlal
Ru
Sif Muna
Trog
Uskayaw
Wu Jian
Xom
Yredelemnul


Innate Abilities, Weirdness & Mutations

You have sharp toenails.
You are mostly covered in slimy green scales. (AC +3)
You are partially covered in sharp spines.


Message History

You closely miss the orc priest.
The orc priest is heavily wounded.
The orc priest hits you but does no damage.
You closely miss the orc priest.
The orc priest is heavily wounded.
The orc priest invokes the aid of Beogh against you.
Beogh smites you!
* * * LOW HITPOINT WARNING * * *
You hit the orc priest.
You claw the orc priest, but do no damage.
The orc priest is severely wounded.
The orc priest hits you but does no damage.
You hit the orc priest. You claw the orc priest.
The orc priest is almost dead.
The orc priest completely misses you.
You hit the orc priest but do no damage.
The orc priest is almost dead.
The orc priest invokes the aid of Beogh against you.
Beogh smites you!
You die...

#.##.# ##.#.#..#.
#.##.# ##.........
..##.# #..##...#..
####.#####.#..#.#...
####.#.....#....#..#
#...........#....##.
#.##.#.........>....
##.##.#......##....#.
#..o@.......#..#....#
#..####........#.#..#
#..#..........#...##.
#..#.######...)......
#.o# #.#####..#. #.o
#.# #..#. ... #.#
##>..


#oo #.# #### #.# You could see an orc priest.

Vanquished Creatures
  An orc priest (D:3)
  Ijyb (D:3)
  A worker ant (D:4)
  An orc wizard (D:3)
  6 adders
  An ooze (D:1)
  3 leopard geckos
  6 orcs
  9 bats
  2 giant cockroaches
  4 goblins
  8 hobgoblins
  11 jackals
  2 quokkas
  4 frilled lizards (D:2)
  7 kobolds
  5 rats
72 creatures vanquished.

Notes
Turn   | Place    | Note
-------+----------+-------------------------------------------
     0 | D:1      | BritishOli the Demonspawn Gladiator began the quest for the
                  | Orb.
     0 | D:1      | Reached XP level 1. HP: 16/16 MP: 1/1
   117 | D:1      | Reached skill level 3 in Long Blades
   149 | D:1      | Gained mutation: You are partially covered in sharp spines.
                  | [demonic ancestry]
   149 | D:1      | Reached XP level 2. HP: 17/22 MP: 2/2
   824 | D:2      | Gained mutation: You are partially covered in slimy green
                  | scales. (AC +2) [demonic ancestry]
   824 | D:2      | Reached XP level 3. HP: 22/27 MP: 3/3
  1019 | D:2      | Gained mutation: You are mostly covered in slimy green
                  | scales. (AC +3) [demonic ancestry]
  1019 | D:2      | Reached XP level 4. HP: 34/34 MP: 4/4
  1411 | D:3      | Noticed Ijyb
  1433 | D:3      | Killed Ijyb
  1433 | D:3      | Reached skill level 4 in Long Blades
  1603 | D:2      | Gained mutation: You have sharp toenails. [demonic
                  | ancestry]
  1603 | D:2      | Reached XP level 5. HP: 39/40 MP: 5/5
  1653 | D:3      | Found a sacrificial altar of Ru.
  1653 | D:3      | Found an ornate altar of the Wu Jian Council.
  1654 | D:3      | Found a shattered altar of Ashenzari.
  1705 | D:3      | Found an iron altar of Okawaru.
  1707 | D:3      | Found a hazy altar of Hepliaklqana.
  1707 | D:3      | Found a shimmering altar of Xom.
  1709 | D:3      | Found a shimmering altar of Xom.
  1709 | D:3      | Found a glowing silver altar of Zin.
  1709 | D:3      | Found a glowing silver altar of Zin.
  2133 | D:4      | Found a staircase to the Ecumenical Temple.
  2147 | Temple   | Entered the Ecumenical Temple
  2231 | Temple   | Became a worshipper of Warmaster Okawaru
  2287 | D:4      | Killed from afar by an orc priest

Levels and vault maps discovered:
D:1:      ncdulo_wetmaze, layout_basic, serial_co_window_serial,
          co_window_paths_a, co_window_paths_a, co_window_paths_a,
          co_window_paths_a, co_window_corner_a, co_window_paths_b,
          co_window_cross_1, co_window_corner_b, co_window_2corner,
          co_window_corner_b, co_window_unsneaky_path_e, glass_columns_a
D:2:      layout_rooms, serial_aquarium, aquarium_bridge_square
          [aquarium_subvault_window, aquarium_subvault_bridge,
          aquarium_subvault_window, aquarium_subvault_bridge],
          aquarium_window_fake, aquarium_window_fake, aquarium_window_1,
          aquarium_window_corridor_1, aquarium_view_2b, aquarium_balcony_1a,
          kennysheep_generic_room_16
D:3:      layout_basic, gammafunk_temple_overflow_claw, first_ration,
          doesnt_xom_only_xom, uniq_ijyb
D:4:      layout_basic, minmay_temple_entry_mini_moons,
          gammafunk_ghost_nasty_kobolds, grunt_decor_fettered
Temple:   nicolae_temple_great_sept

Skill      XL: |  1  2  3  4  5 |
---------------+----------------+-----
Long Blades    | 3 4 |  4.4
Dodging        | 3 |  3.6
Throwing       | 2 |  2.7
Fighting       | 3 |  3.1

Action                   |  1- 3 |  4- 6 || total
-------------------------+-------+-------++-------
Melee: Long sword        |    23 |       ||    23
       Short sword       |    56 |    87 ||   143
       Kick              |       |    11 ||    11
 Stab: Sleeping          |     1 |       ||     1
  Eat: Chunk             |       |     3 ||     3
Armor: Leather armour    |     4 |       ||     4
       Ring mail         |    18 |    29 ||    47
Dodge: Dodged            |    57 |    47 ||   104
       Rpst.: Long sword |     5 |       ||     5

Table legend:
 A = Non-vault XP
 B = Vault XP
 C = Vault XP percentage of total XP
 D = Non-vault monster count
 E = Vault monster count
 F = Vault count percentage of total count
                 A         B        C        D         E       F
            +---------+---------+-------+---------+---------+-------
      Total |     307 |      39 |  11.3 |      69 |       3 |   4.2
            +---------+---------+-------+---------+---------+-------
        D:1 |      37 |       0 |   0.0 |      19 |       0 |   0.0
        D:2 |     118 |       3 |   2.5 |      35 |       2 |   5.4
        D:3 |      91 |      36 |  28.3 |       9 |       1 |  10.0
        D:4 |      61 |       0 |   0.0 |       6 |       0 |   0.0
            +---------+---------+-------+---------+---------+-------
